 Dungeon Crawl Stone Soup version 0.13-a0-2244-g236abbe (webtiles) character file.

500 Kae the Firebug (level 6, -5/32 HPs)
             Began as a Deep Elf Fire Elementalist on July 5, 2013.
             Killed from afar by an orc wizard (9 damage)
             ... with a magic dart
             ... on Level 4 of the Dungeon.
             The game lasted 00:06:08 (3840 turns).

Kae the Firebug (Deep Elf Fire Elementalist)        Turns: 3840, Time: 00:06:08

HP  -5/32        AC  4     Str  7      XL: 6   Next:  0%
MP   0/28        EV 14     Int 20      God:
Gold 234         SH  0     Dex 15      Spells:  3 memorised,  7 levels left

Res.Fire  : + . .   See Invis. : .   y - -2,+1 orc dagger
Res.Cold  : x . .   Warding    : .   a - +1 elf robe
Life Prot.: . . .   Conserve   : .   (no shield)
Res.Poison: .       Res.Corr.  : .   (no helmet)
Res.Elec. : .       Clarity    : .   (no cloak)
Sust.Abil.: . .     Spirit.Shd : +   o - +0 pair of gloves
Res.Mut.  : .       Stasis     : .   (no boots)
Res.Rott. : .       Flight     : .   A - amulet of guardian spirit
Saprovore : . . .                    w - ring of fire
                                     f - ring of magical power

@: very slightly contaminated, slowed, very slow, slightly resistant to hostile
enchantments, stealthy
A: no striking features
a: no special abilities


You were on level 4 of the Dungeon.
You were hungry.

You visited 1 branch of the dungeon, and saw 5 of its levels.

You collected 214 gold pieces.

Inventory:

Hand weapons
 y - a -2,+1 orcish dagger (weapon)
Missiles
 g - 19 darts (quivered)
 h - 13 exploding darts
 q - 4 silver darts
Armour
 a - a +1 elven robe (worn)
 o - a +0 pair of gloves (worn)
Comestibles
 c - 4 bread rations
 i - 3 meat rations
 m - a pear
Scrolls
 p - a scroll of remove curse
 s - a scroll of magic mapping
 x - 2 scrolls of curse jewellery
Jewellery
 f - a ring of magical power (left hand)
 n - a +2 ring of evasion
 w - a ring of fire (right hand)
 A - an amulet of guardian spirit (around neck)
Potions
 l - a potion of brilliance {unknown}
 r - 6 potions of curing
 u - a potion of poison {unknown}
 z - 2 potions of confusion {unknown}
Books
 b - a book of Flames

   Spells                             Type                      Level
   *Flame Tongue                      Conjuration/Fire             1
   *Throw Flame                       Conjuration/Fire             2
   *Conjure Flame                     Conjuration/Fire             3
   Inner Flame                        Hexes/Fire                   3
   Sticky Flame                       Conjuration/Fire             4
   Fireball                           Conjuration/Fire             5


   Skills:
 + Level 3.7 Dodging
 + Level 3.4 Stealth
 + Level 0.2 Traps
 + Level 4.0 Spellcasting
 + Level 3.5 Conjurations
 + Level 4.3 Fire Magic


You had 7 spell levels left.
You knew the following spells:

 Your Spells              Type           Power        Failure   Level  Hunger
a - Flame Tongue          Conj/Fire      ####.        2%          1    None
b - Throw Flame           Conj/Fire      ####..       4%          2    #......
c - Conjure Flame         Conj/Fire      ####....     10%         3    ###....


Dungeon Overview and Level Annotations

Branches:
Dungeon (5/27)
 Temple: D:4-7

Altars:
Xom


Message History

The orc wizard closely misses you.
You closely miss the orc wizard.
The orc wizard is severely wounded.
The orc wizard hits you but does no damage.
The orc wizard hits you with an orcish dagger.
* * * LOW HITPOINT WARNING * * *
Casting: Flame Tongue
Confirm with . or Enter, or press ? or * to list all spells.
You don't have enough magic to cast that spell.
You closely miss the orc wizard.
The orc wizard is heavily wounded.
The orc wizard closely misses you.
The orc wizard hits you with an orcish dagger.
* * * LOW HITPOINT WARNING * * *
You barely miss the orc wizard.
The orc wizard is heavily wounded.
The orc wizard misses you.
The orc wizard gestures at you while chanting.
The magic dart hits you!
You die...

.# #........######....#...#. .##
#..................#...#. ≈≈##
#........######....#####.
♣♣≈######........#....#..........
≈≈♣≈%............#....#..........
♣≈≈≈♣............#....#..........
≈≈≈≈≈............#....#..........
≈≈♣P♣≈########.o.'....#..........
≈P≈≈≈≈♣ #..@######.####.....
≈≈≈♣≈♣♣# #>.........# #.....
≈≈≈≈≈≈≈# #.######...# #.....
≈≈≈≈≈≈♣## #.# #...# #.....
≈≈≈≈≈♣≈≈# #.# #...# #...##
≈≈≈≈P≈♣♣######.# #...# #...#
≈≈≈≈≈≈≈P.......# #...# #...#
≈≈≈≈≈≈≈♣.......# #...# #...#
≈≈≈≈≈≈♣♣.......# #...# #...#


You could see an orc wizard.

Vanquished Creatures
  An orc priest (D:5)
  A hound (D:4)
  A scorpion (D:4)
  A worker ant (D:4)
  An iguana (D:4)
  5 adders
  3 worms
  2 giant geckos
  3 orcs (D:4)
  2 ball pythons
  4 giant cockroaches
  12 goblins
  10 hobgoblins
  5 jackals
  A quokka (D:3)
  9 bats
  5 giant newts
  A hobgoblin skeleton (D:4)
  7 kobolds
  5 rats
79 creatures vanquished.

Notes
Turn   | Place    | Note
--------------------------------------------------------------
     0 | D:1      | Kae, the Deep Elf Fire Elementalist, began the quest for the Orb.
     0 | D:1      | Reached XP level 1. HP: 10/10 MP: 4/4
   333 | D:1      | Found a shimmering altar of Xom.
   663 | D:1      | Reached XP level 2. HP: 15/15 MP: 6/6
  1096 | D:2      | Reached skill level 4 in Fire Magic
  1097 | D:2      | Reached XP level 3. HP: 19/19 MP: 9/9
  1573 | D:2      | Reached XP level 4. HP: 24/24 MP: 12/12
  1585 | D:2      | Learned a level 2 spell: Throw Flame
  1589 | D:2      | Learned a level 3 spell: Conjure Flame
  3111 | D:4      | Reached XP level 5. HP: 28/28 MP: 16/16
  3814 | D:5      | Entered Level 5 of the Dungeon
  3817 | D:5      | Reached XP level 6. HP: 32/32 MP: 4/19
  3840 | D:4      | Killed from afar by an orc wizard

Action                   |  1- 3 |  4- 6 || total
-------------------------+-------+-------++-------
Melee: Unarmed           |    16 |     2 ||    18
       Dagger            |       |    40 ||    40
 Cast: Flame Tongue      |    63 |    83 ||   146
       Throw Flame       |       |    10 ||    10
       Conjure Flame     |       |     2 ||     2
  Use: Scroll            |       |    12 ||    12
       Potion            |       |     1 ||     1
